[ AOE2 MATCH · #477227253 ]
UnrankedLithuanians vs Ethiopians
[ REPLAY ANALYSIS · EXTRACTED FROM THE RECORDED GAME ]
Feudal
8:36
Castle
21:03
Imperial
34:36
| APM avg | 29.5 |
| APM peak | 76 |
| eAPM avg | 12.9 |
| Villagers / military | 57 / 79 |
Focus
⚔️ 42.2% · 🌾 57.8%
Spearman ×31 · Skirmisher ×22 · Archer ×14 · Hand Cannoneer ×11 · Battering Ram ×1
Feudal
9:56
Castle
23:01
Imperial
36:48
| APM avg | 33.7 |
| APM peak | 60 |
| eAPM avg | 22.5 |
| Villagers / military | 162 / 148 |
Focus
⚔️ 28.6% · 🌾 71.4%
Archer ×138 · Spearman ×8 · Mangonel ×1 · Trebuchet (Packed) ×1
Feudal
8:51
Castle
23:24
Imperial
37:08
| APM avg | 52.6 |
| APM peak | 99 |
| eAPM avg | 22.4 |
| Villagers / military | 76 / 126 |
Focus
⚔️ 30.3% · 🌾 69.7%
Skirmisher ×57 · Bolas Rider ×43 · Archer ×19 · Mangonel ×5 · Monk ×1 · Spearman ×1
Feudal
11:26
Castle
15:49
Imperial
—
| APM avg | 40.3 |
| APM peak | 84 |
| eAPM avg | 16.7 |
| Villagers / military | 92 / 55 |
Focus
⚔️ 33.3% · 🌾 66.7%
Conquistador ×54 · Mangonel ×1
Feudal
9:23
Castle
20:47
Imperial
35:35
| APM avg | 47.8 |
| APM peak | 82 |
| eAPM avg | 22.5 |
| Villagers / military | 128 / 131 |
Focus
⚔️ 37.1% · 🌾 62.9%
Knight ×90 · Scout Cavalry ×37 · Monk ×3 · Spearman ×1
Feudal
11:41
Castle
15:31
Imperial
39:07
| APM avg | 49.5 |
| APM peak | 121 |
| eAPM avg | 26.2 |
| Villagers / military | 118 / 101 |
Focus
⚔️ 24.3% · 🌾 75.7%
Knight ×98 · Monk ×2 · Mangonel ×1
Feudal
11:47
Castle
15:17
Imperial
30:20
| APM avg | 38.6 |
| APM peak | 91 |
| eAPM avg | 25.9 |
| Villagers / military | 141 / 2 |
Focus
⚔️ 47.0% · 🌾 53.0%
Unknown (1944) ×182 · Unknown (1942) ×12 · Mangonel ×1 · Scorpion ×1
Feudal
10:35
Castle
14:10
Imperial
29:21
| APM avg | 28.8 |
| APM peak | 51 |
| eAPM avg | 17.3 |
| Villagers / military | 147 / 94 |
Focus
⚔️ 34.7% · 🌾 65.3%
Mangudai ×94
Match map
Initial resources + every placement click. Lines = walls · curves = elevation contours. ◆ gold · ⬟ stone · ● berries · ✦ relic · ◌ wall gap
Your base· ✓ Closed at 21:03 · 0t walls · 2 gate(s)
AZT3K_MASIVESOUL's base· ✓ Closed at 23:01 · 0t walls · 3 gate(s)
omnomnomnivore's base· ✓ Closed at 23:24 · 0t walls · 6 gate(s)
santarem's base· ✓ Closed at 15:49 · 0t walls · 2 gate(s)
Lethe's base· ✓ Closed at 20:47 · 1t walls · 3 gate(s)
OldNiceCake's base· ✓ Closed at 15:31 · 2t walls · 3 gate(s)
GRAFOTES's base· ✓ Closed at 15:17 · 0t walls · 2 gate(s)
小妖's base· ✓ Closed at 14:10 · 0t walls · 4 gate(s)
Smoothed initial terrain · ◌ = detected wall gap · hover for details
Inputs per minute
— Drakhaon - - AZT3K_MASIVESOUL
Build order — Drakhaon
First 150 of 258 actions detected
| 0:02 | Create | Villager (Male) |
| 0:02 | Create | Villager (Male) |
| 0:03 | Build | House |
| 0:05 | Build | House |
| 0:11 | Create | Villager (Male) |
| 0:11 | Create | Villager (Male) |
| 0:11 | Create | Villager (Male) |
| 0:12 | Create | Villager (Male) |
| 0:12 | Create | Villager (Male) |
| 1:24 | Create | Villager (Male) |
| 1:25 | Create | Villager (Male) |
| 1:46 | Build | Lumber Camp |
| 2:18 | Create | Villager (Male) |
| 2:27 | Create | Villager (Male) |
| 2:27 | Create | Villager (Male) |
| 3:27 | Build | House |
| 4:13 | Create | Villager (Male) |
| 4:41 | Create | Villager (Male) |
| 4:42 | Create | Villager (Male) |
| 4:49 | Build | Mill |
| 5:22 | Create | Villager (Male) |
| 5:31 | Research | Loom |
| 6:01 | Create | Villager (Male) |
| 6:01 | Create | Villager (Male) |
| 6:11 | Research | Feudal Age |
| 7:14 | Build | Barracks |
| 8:16 | Build | House |
| 8:24 | Build | Mining Camp |
| 8:35 | Build | Mining Camp |
| 8:36 | Age | Feudal Age |
| 8:40 | Build | Archery Range |
| 8:42 | Create | Villager (Male) |
| 9:06 | Build | Archery Range |
| 9:07 | Create | Villager (Male) |
| 9:07 | Create | Villager (Male) |
| 9:12 | Build | Blacksmith |
| 9:37 | Create | Archer |
| 9:42 | Create | Spearman |
| 9:47 | Build | House |
| 10:00 | Create | Villager (Male) |
| 10:17 | Create | Archer |
| 10:23 | Build | House |
| 10:30 | Create | Villager (Male) |
| 10:45 | Create | Archer |
| 10:58 | Build | House |
| 11:01 | Build | House |
| 11:08 | Create | Archer |
| 11:11 | Create | Villager (Male) |
| 11:13 | Create | Villager (Male) |
| 11:31 | Create | Archer |
| 11:46 | Create | Archer |
| 11:56 | Build | Lumber Camp |
| 12:01 | Build | Farm |
| 12:04 | Create | Archer |
| 12:13 | Build | House |
| 12:15 | Create | Villager (Male) |
| 12:17 | Create | Villager (Male) |
| 12:56 | Research | Fletching |
| 12:56 | Research | Fletching |
| 13:13 | Create | Villager (Male) |
| 13:18 | Build | Farm |
| 13:44 | Create | Archer |
| 14:20 | Create | Villager (Male) |
| 14:20 | Create | Villager (Male) |
| 14:23 | Build | Farm |
| 14:25 | Build | Farm |
| 14:27 | Build | Farm |
| 14:39 | Create | Archer |
| 14:39 | Create | Archer |
| 14:49 | Create | Villager (Male) |
| 14:51 | Build | Farm |
| 14:53 | Build | Farm |
| 15:31 | Build | Lumber Camp |
| 15:39 | Build | Farm |
| 15:42 | Create | Villager (Male) |
| 16:20 | Create | Villager (Male) |
| 16:21 | Create | Villager (Male) |
| 16:22 | Build | Farm |
| 16:31 | Build | Farm |
| 16:33 | Build | Farm |
| 16:34 | Build | Farm |
| 17:12 | Build | Farm |
| 17:13 | Create | Villager (Male) |
| 17:23 | Build | Market |
| 17:25 | Create | Villager (Male) |
| 17:59 | Build | Farm |
| 18:00 | Build | Farm |
| 18:23 | Research | Castle Age |
| 18:28 | Build | Archery Range |
| 18:43 | Research | Gold Mining |
| 18:47 | Research | Double-Bit Axe |
| 18:52 | Build | House |
| 18:55 | Build | House |
| 18:58 | Build | House |
| 19:00 | Build | House |
| 19:14 | Research | Horse Collar |
| 19:45 | Research | Padded Archer Armor |
| 20:27 | Build | House |
| 20:33 | Build | House |
| 20:41 | Create | Skirmisher |
| 20:41 | Create | Skirmisher |
| 20:57 | Build | House |
| 21:03 | Age | Castle Age |
| 21:08 | Create | Skirmisher |
| 21:09 | Create | Skirmisher |
| 21:18 | Create | Villager (Male) |
| 21:18 | Create | Villager (Male) |
| 21:27 | Create | Villager (Male) |
| 21:27 | Create | Villager (Male) |
| 21:29 | Build | House |
| 21:48 | Build | Gate |
| 21:49 | Research | Gold Mining |
| 21:50 | Create | Skirmisher |
| 21:51 | Create | Skirmisher |
| 21:58 | Research | Bodkin Arrow |
| 22:13 | Build | House |
| 22:19 | Build | House |
| 22:27 | Create | Skirmisher |
| 22:28 | Create | Skirmisher |
| 22:29 | Research | Elite Skirmisher (upgrade) |
| 22:35 | Create | Villager (Male) |
| 22:35 | Create | Villager (Male) |
| 22:46 | Build | Farm |
| 22:47 | Build | Farm |
| 22:48 | Build | Farm |
| 22:49 | Build | Farm |
| 22:53 | Build | House |
| 23:04 | Research | Gold Mining |
| 23:09 | Research | Bow Saw |
| 23:10 | Research | Heavy Plow |
| 23:16 | Research | Wheelbarrow |
| 23:24 | Build | House |
| 23:25 | Build | House |
| 23:26 | Build | House |
| 23:53 | Research | Leather Archer Armor |
| 24:24 | Create | Skirmisher |
| 24:24 | Create | Skirmisher |
| 24:27 | Research | Bodkin Arrow |
| 24:44 | Build | University |
| 24:46 | Create | Skirmisher |
| 24:46 | Create | Skirmisher |
| 24:51 | Create | Villager (Male) |
| 24:51 | Create | Villager (Male) |
| 24:58 | Build | Farm |
| 25:00 | Create | Villager (Male) |
| 25:12 | Create | Skirmisher |
| 25:13 | Create | Skirmisher |
| 26:10 | Research | Ballistics |
| 26:11 | Research | Ballistics |
| 26:13 | Create | Skirmisher |
Build order — AZT3K_MASIVESOUL
First 150 of 479 actions detected
| 0:01 | Create | Villager (Male) |
| 0:01 | Create | Villager (Male) |
| 0:03 | Build | House |
| 0:04 | Build | House |
| 0:12 | Create | Villager (Male) |
| 0:13 | Create | Villager (Male) |
| 1:23 | Create | Villager (Male) |
| 1:23 | Create | Villager (Male) |
| 1:47 | Build | Lumber Camp |
| 2:04 | Create | Villager (Male) |
| 2:05 | Create | Villager (Male) |
| 2:27 | Create | Villager (Male) |
| 2:27 | Create | Villager (Male) |
| 2:47 | Create | Villager (Male) |
| 2:47 | Create | Villager (Male) |
| 3:08 | Create | Villager (Male) |
| 3:08 | Create | Villager (Male) |
| 3:38 | Build | House |
| 3:48 | Create | Villager (Male) |
| 3:49 | Create | Villager (Male) |
| 4:26 | Create | Villager (Male) |
| 4:27 | Create | Villager (Male) |
| 4:40 | Create | Villager (Male) |
| 4:41 | Create | Villager (Male) |
| 4:54 | Create | Villager (Male) |
| 4:54 | Create | Villager (Male) |
| 5:22 | Create | Villager (Male) |
| 5:22 | Create | Villager (Male) |
| 5:25 | Build | House |
| 5:48 | Build | Mill |
| 5:55 | Create | Villager (Male) |
| 5:55 | Create | Villager (Male) |
| 6:14 | Create | Villager (Male) |
| 6:15 | Create | Villager (Male) |
| 7:02 | Create | Villager (Male) |
| 7:11 | Build | Barracks |
| 7:19 | Build | House |
| 7:42 | Research | Feudal Age |
| 7:50 | Build | Lumber Camp |
| 8:00 | Create | Villager (Male) |
| 8:00 | Create | Villager (Male) |
| 8:06 | Research | Loom |
| 8:09 | Create | Villager (Male) |
| 8:40 | Build | House |
| 9:02 | Build | House |
| 9:05 | Create | Villager (Male) |
| 9:16 | Build | Mining Camp |
| 9:56 | Age | Feudal Age |
| 10:02 | Build | Archery Range |
| 10:21 | Build | Blacksmith |
| 10:29 | Research | Double-Bit Axe |
| 11:02 | Create | Villager (Male) |
| 11:09 | Build | Archery Range |
| 11:10 | Create | Archer |
| 11:14 | Build | House |
| 11:17 | Create | Villager (Male) |
| 11:28 | Research | Fletching |
| 11:31 | Create | Villager (Male) |
| 11:37 | Create | Archer |
| 11:37 | Create | Archer |
| 11:53 | Build | House |
| 12:02 | Create | Archer |
| 12:03 | Create | Archer |
| 12:03 | Create | Archer |
| 12:05 | Create | Villager (Male) |
| 12:05 | Create | Villager (Male) |
| 12:14 | Build | Farm |
| 12:21 | Build | Farm |
| 12:21 | Build | Farm |
| 12:25 | Create | Archer |
| 12:25 | Create | Archer |
| 12:33 | Create | Villager (Male) |
| 12:34 | Create | Villager (Male) |
| 12:34 | Create | Villager (Male) |
| 12:42 | Build | Farm |
| 12:51 | Create | Archer |
| 12:51 | Create | Archer |
| 12:51 | Create | Archer |
| 13:14 | Create | Archer |
| 13:15 | Create | Archer |
| 13:15 | Create | Archer |
| 13:24 | Build | Farm |
| 13:24 | Build | Farm |
| 13:24 | Build | Farm |
| 13:24 | Build | Farm |
| 13:25 | Build | Farm |
| 13:41 | Create | Archer |
| 13:42 | Create | Archer |
| 13:42 | Create | Archer |
| 13:42 | Create | Archer |
| 13:48 | Create | Villager (Male) |
| 14:02 | Create | Archer |
| 14:03 | Create | Archer |
| 14:04 | Create | Villager (Male) |
| 14:04 | Create | Villager (Male) |
| 14:06 | Build | Farm |
| 14:06 | Build | Farm |
| 14:25 | Build | House |
| 14:32 | Build | House |
| 14:34 | Build | House |
| 14:38 | Create | Archer |
| 14:53 | Create | Archer |
| 14:54 | Create | Archer |
| 15:17 | Build | House |
| 15:29 | Build | House |
| 15:36 | Create | Archer |
| 15:44 | Build | House |
| 15:48 | Build | House |
| 16:06 | Build | Watch Tower |
| 16:11 | Create | Villager (Male) |
| 16:11 | Create | Villager (Male) |
| 16:12 | Create | Archer |
| 16:13 | Create | Archer |
| 16:13 | Create | Archer |
| 16:42 | Create | Villager (Male) |
| 16:43 | Create | Villager (Male) |
| 16:54 | Build | Farm |
| 16:54 | Build | Farm |
| 16:58 | Build | Farm |
| 16:58 | Build | Farm |
| 16:58 | Build | Farm |
| 16:59 | Build | Farm |
| 17:14 | Research | Wheelbarrow |
| 17:50 | Build | House |
| 17:52 | Build | Farm |
| 17:58 | Create | Villager (Male) |
| 18:04 | Create | Villager (Male) |
| 18:05 | Create | Villager (Male) |
| 18:30 | Build | House |
| 18:49 | Build | Farm |
| 18:49 | Build | Farm |
| 18:49 | Build | Farm |
| 18:49 | Build | Farm |
| 18:49 | Build | Farm |
| 18:50 | Build | Farm |
| 19:03 | Build | Farm |
| 19:19 | Build | Farm |
| 19:26 | Build | Farm |
| 19:41 | Create | Villager (Male) |
| 20:19 | Research | Castle Age |
| 20:47 | Research | Gold Mining |
| 21:17 | Build | House |
| 21:33 | Build | Palisade Gate |
| 22:00 | Build | Mining Camp |
| 22:07 | Create | Villager (Male) |
| 22:08 | Create | Villager (Male) |
| 22:17 | Build | House |
| 22:29 | Create | Villager (Male) |
| 23:01 | Age | Castle Age |
| 23:06 | Build | Market |
Build order — omnomnomnivore
First 150 of 244 actions detected
| 0:01 | Create | Villager (Male) |
| 0:02 | Build | House |
| 0:03 | Build | House |
| 0:18 | Create | Villager (Male) |
| 0:18 | Create | Villager (Male) |
| 0:19 | Create | Villager (Male) |
| 0:19 | Create | Villager (Male) |
| 1:32 | Create | Villager (Male) |
| 1:51 | Create | Villager (Male) |
| 2:16 | Create | Villager (Male) |
| 2:30 | Create | Villager (Male) |
| 2:43 | Create | Villager (Male) |
| 2:54 | Build | Settlement |
| 3:26 | Create | Villager (Male) |
| 4:11 | Create | Villager (Male) |
| 4:18 | Create | Villager (Male) |
| 4:50 | Create | Villager (Male) |
| 5:09 | Build | House |
| 5:15 | Create | Villager (Male) |
| 5:28 | Create | Villager (Male) |
| 6:12 | Create | Villager (Male) |
| 6:33 | Research | Feudal Age |
| 6:35 | Research | Loom |
| 6:55 | Build | Settlement |
| 7:35 | Create | Villager (Male) |
| 8:45 | Build | Barracks |
| 8:51 | Age | Feudal Age |
| 9:26 | Research | Double-Bit Axe |
| 9:49 | Build | Archery Range |
| 9:58 | Create | Villager (Male) |
| 9:58 | Create | Villager (Male) |
| 10:09 | Create | Villager (Male) |
| 10:30 | Create | Archer |
| 10:30 | Create | Archer |
| 10:33 | Create | Skirmisher |
| 10:41 | Build | House |
| 10:48 | Build | House |
| 10:49 | Build | House |
| 11:07 | Create | Archer |
| 11:08 | Create | Archer |
| 11:20 | Create | Villager (Male) |
| 11:21 | Create | Villager (Male) |
| 11:36 | Build | Blacksmith |
| 11:48 | Build | Blacksmith |
| 11:49 | Create | Villager (Male) |
| 11:51 | Create | Archer |
| 11:53 | Create | Skirmisher |
| 11:53 | Create | Skirmisher |
| 12:09 | Research | Horse Collar |
| 12:20 | Build | House |
| 12:22 | Build | House |
| 12:26 | Create | Villager (Male) |
| 12:31 | Create | Skirmisher |
| 12:38 | Create | Villager (Male) |
| 12:45 | Build | House |
| 13:04 | Research | Fletching |
| 13:11 | Create | Skirmisher |
| 13:11 | Create | Skirmisher |
| 13:13 | Create | Archer |
| 13:13 | Create | Archer |
| 13:27 | Build | Farm |
| 13:27 | Build | Farm |
| 13:30 | Build | Farm |
| 13:38 | Build | House |
| 13:42 | Build | Farm |
| 13:59 | Create | Skirmisher |
| 14:00 | Create | Skirmisher |
| 14:02 | Create | Spearman |
| 14:05 | Create | Villager (Male) |
| 14:05 | Create | Villager (Male) |
| 14:21 | Research | Padded Archer Armor |
| 14:39 | Build | Farm |
| 14:41 | Build | Farm |
| 14:47 | Create | Villager (Male) |
| 15:25 | Create | Villager (Male) |
| 15:27 | Build | Farm |
| 15:27 | Build | Farm |
| 15:29 | Create | Villager (Male) |
| 15:31 | Build | Farm |
| 16:04 | Create | Archer |
| 16:04 | Create | Archer |
| 16:06 | Create | Skirmisher |
| 16:06 | Create | Skirmisher |
| 16:06 | Create | Skirmisher |
| 16:58 | Build | Farm |
| 16:59 | Create | Villager (Male) |
| 16:59 | Create | Villager (Male) |
| 17:03 | Build | Farm |
| 17:03 | Build | Farm |
| 17:03 | Build | Farm |
| 17:03 | Build | Farm |
| 17:04 | Build | Farm |
| 17:05 | Build | Farm |
| 17:08 | Build | Farm |
| 17:50 | Create | Villager (Male) |
| 17:50 | Create | Villager (Male) |
| 17:56 | Create | Archer |
| 17:56 | Create | Archer |
| 18:02 | Build | Settlement |
| 18:03 | Create | Villager (Male) |
| 18:04 | Create | Villager (Male) |
| 18:10 | Build | House |
| 18:11 | Build | House |
| 18:22 | Build | Farm |
| 18:41 | Create | Skirmisher |
| 18:41 | Create | Skirmisher |
| 18:42 | Create | Skirmisher |
| 19:12 | Build | Farm |
| 19:17 | Build | Farm |
| 19:25 | Create | Villager (Male) |
| 19:45 | Create | Archer |
| 19:46 | Create | Archer |
| 19:51 | Build | Farm |
| 19:54 | Create | Villager (Male) |
| 20:16 | Build | Gate |
| 20:21 | Build | Gate |
| 20:41 | Create | Skirmisher |
| 20:41 | Create | Skirmisher |
| 20:42 | Create | Archer |
| 20:44 | Research | Castle Age |
| 20:55 | Research | Gold Mining |
| 21:30 | Create | Skirmisher |
| 21:31 | Create | Skirmisher |
| 21:31 | Create | Skirmisher |
| 22:12 | Build | Archery Range |
| 22:15 | Build | Archery Range |
| 22:34 | Build | House |
| 22:36 | Build | House |
| 23:10 | Create | Archer |
| 23:10 | Create | Archer |
| 23:11 | Create | Archer |
| 23:14 | Create | Archer |
| 23:14 | Create | Archer |
| 23:24 | Age | Castle Age |
| 23:58 | Research | Bow Saw |
| 23:58 | Research | Heavy Plow |
| 23:59 | Research | Bodkin Arrow |
| 24:06 | Build | Market |
| 24:09 | Build | Archery Range |
| 24:53 | Research | Crossbowman (upgrade) |
| 24:58 | Create | Villager (Male) |
| 24:58 | Create | Villager (Male) |
| 25:00 | Research | Gold Shaft Mining |
| 25:21 | Create | Bolas Rider |
| 25:21 | Create | Bolas Rider |
| 25:33 | Build | University |
| 25:37 | Build | House |
| 25:38 | Build | House |
| 25:54 | Build | Town Center |
| 25:55 | Create | Villager (Male) |
Build order — santarem
First 150 of 274 actions detected
| 0:01 | Create | Villager (Male) |
| 0:01 | Create | Villager (Male) |
| 0:02 | Create | Villager (Male) |
| 0:03 | Build | House |
| 0:04 | Build | House |
| 0:32 | Create | Villager (Male) |
| 1:28 | Create | Villager (Male) |
| 2:10 | Create | Villager (Male) |
| 2:10 | Create | Villager (Male) |
| 2:14 | Build | Lumber Camp |
| 2:30 | Create | Villager (Male) |
| 2:31 | Create | Villager (Male) |
| 3:17 | Create | Villager (Male) |
| 3:17 | Create | Villager (Male) |
| 3:48 | Create | Villager (Male) |
| 3:58 | Build | House |
| 4:10 | Create | Villager (Male) |
| 4:28 | Build | House |
| 4:33 | Create | Villager (Male) |
| 4:33 | Create | Villager (Male) |
| 4:33 | Create | Villager (Male) |
| 5:04 | Create | Villager (Male) |
| 5:56 | Create | Villager (Male) |
| 5:57 | Create | Villager (Male) |
| 6:18 | Build | House |
| 6:39 | Create | Villager (Male) |
| 6:39 | Create | Villager (Male) |
| 6:39 | Create | Villager (Male) |
| 6:57 | Build | Mill |
| 7:22 | Create | Villager (Male) |
| 7:54 | Build | Mining Camp |
| 8:39 | Build | Mining Camp |
| 8:51 | Create | Villager (Male) |
| 8:59 | Research | Feudal Age |
| 10:45 | Build | Farm |
| 10:47 | Create | Villager (Male) |
| 10:47 | Create | Villager (Male) |
| 11:26 | Age | Feudal Age |
| 11:33 | Build | Blacksmith |
| 11:36 | Build | Market |
| 11:54 | Build | Farm |
| 12:47 | Build | Watch Tower |
| 13:09 | Research | Castle Age |
| 14:12 | Build | House |
| 14:20 | Build | House |
| 14:23 | Build | House |
| 14:29 | Build | House |
| 14:32 | Research | Double-Bit Axe |
| 14:51 | Research | Loom |
| 15:46 | Build | Market |
| 15:49 | Age | Castle Age |
| 15:53 | Build | House |
| 16:01 | Build | House |
| 16:04 | Build | Palisade Wall |
| 16:21 | Research | Fletching |
| 16:37 | Build | Farm |
| 16:38 | Build | Farm |
| 16:41 | Build | Farm |
| 17:12 | Create | Villager (Male) |
| 17:18 | Build | Farm |
| 17:32 | Build | Castle |
| 17:55 | Build | Farm |
| 17:55 | Build | Farm |
| 17:56 | Build | Farm |
| 17:56 | Build | Farm |
| 17:56 | Build | Farm |
| 18:00 | Create | Villager (Male) |
| 18:19 | Create | Conquistador |
| 18:30 | Create | Conquistador |
| 18:39 | Build | Palisade Gate |
| 18:51 | Create | Villager (Male) |
| 19:00 | Build | Farm |
| 19:03 | Build | Farm |
| 19:07 | Create | Conquistador |
| 19:08 | Create | Conquistador |
| 19:16 | Build | Farm |
| 19:29 | Build | Farm |
| 19:30 | Build | Farm |
| 19:33 | Create | Villager (Male) |
| 19:59 | Research | Padded Archer Armor |
| 20:12 | Create | Villager (Male) |
| 20:12 | Create | Villager (Male) |
| 20:17 | Build | Lumber Camp |
| 20:38 | Create | Conquistador |
| 20:38 | Create | Villager (Male) |
| 20:56 | Create | Villager (Male) |
| 21:01 | Build | Farm |
| 21:02 | Build | Farm |
| 21:17 | Create | Villager (Male) |
| 21:18 | Create | Villager (Male) |
| 21:34 | Create | Conquistador |
| 21:35 | Create | Conquistador |
| 21:44 | Create | Conquistador |
| 21:55 | Create | Villager (Male) |
| 22:12 | Create | Villager (Male) |
| 22:12 | Create | Villager (Male) |
| 22:22 | Research | Horse Collar |
| 22:25 | Create | Conquistador |
| 22:41 | Create | Conquistador |
| 22:42 | Create | Villager (Male) |
| 23:05 | Create | Villager (Male) |
| 23:05 | Create | Conquistador |
| 23:09 | Research | Leather Archer Armor |
| 23:15 | Create | Villager (Male) |
| 23:24 | Build | Barracks |
| 23:51 | Create | Villager (Male) |
| 23:51 | Create | Villager (Male) |
| 23:51 | Create | Villager (Male) |
| 24:22 | Create | Villager (Male) |
| 24:23 | Create | Conquistador |
| 24:23 | Create | Villager (Male) |
| 24:43 | Create | Villager (Male) |
| 24:44 | Create | Villager (Male) |
| 24:51 | Build | Stable |
| 24:56 | Create | Villager (Male) |
| 24:56 | Create | Villager (Male) |
| 25:00 | Create | Conquistador |
| 25:01 | Create | Conquistador |
| 25:12 | Build | Town Center |
| 25:23 | Build | Farm |
| 25:28 | Build | Farm |
| 25:33 | Create | Villager (Male) |
| 25:36 | Research | Wheelbarrow |
| 25:36 | Research | Wheelbarrow |
| 25:51 | Create | Conquistador |
| 25:51 | Create | Conquistador |
| 25:58 | Create | Villager (Male) |
| 26:31 | Research | Bloodlines |
| 26:49 | Create | Villager (Male) |
| 26:50 | Create | Villager (Male) |
| 26:57 | Create | Villager (Male) |
| 27:03 | Create | Villager (Male) |
| 27:03 | Create | Villager (Male) |
| 27:14 | Build | Siege Workshop |
| 27:27 | Research | Bow Saw |
| 27:32 | Create | Villager (Male) |
| 27:32 | Create | Villager (Male) |
| 27:57 | Build | Siege Workshop |
| 28:03 | Create | Conquistador |
| 28:03 | Create | Villager (Male) |
| 28:04 | Create | Villager (Male) |
| 28:19 | Research | Husbandry |
| 28:30 | Build | Lumber Camp |
| 28:40 | Create | Villager (Male) |
| 28:40 | Create | Villager (Male) |
| 28:40 | Create | Villager (Male) |
| 28:56 | Create | Conquistador |
| 29:13 | Create | Mangonel |
| 29:31 | Create | Villager (Male) |
| 29:31 | Create | Villager (Male) |
Build order — Lethe
First 150 of 366 actions detected
| 0:01 | Create | Villager (Male) ×4 |
| 0:03 | Build | House |
| 0:05 | Build | House |
| 1:28 | Create | Villager (Male) |
| 1:44 | Build | Lumber Camp |
| 2:04 | Create | Villager (Male) |
| 2:04 | Create | Villager (Male) |
| 2:32 | Create | Villager (Male) |
| 3:23 | Create | Villager (Male) |
| 3:24 | Create | Villager (Male) |
| 4:08 | Build | House |
| 4:11 | Create | Villager (Male) |
| 4:30 | Build | House |
| 4:34 | Create | Villager (Male) |
| 4:56 | Create | Villager (Male) |
| 5:14 | Build | Mill |
| 5:20 | Create | Villager (Male) |
| 5:57 | Create | Villager (Male) |
| 6:08 | Create | Villager (Male) |
| 6:48 | Create | Villager (Male) |
| 7:09 | Research | Feudal Age |
| 7:17 | Build | Barracks |
| 7:59 | Create | Villager (Male) |
| 8:52 | Build | House |
| 9:23 | Age | Feudal Age |
| 9:28 | Build | Stable |
| 9:49 | Create | Villager (Male) |
| 9:53 | Research | Double-Bit Axe |
| 10:01 | Build | Mining Camp |
| 10:13 | Create | Villager (Male) |
| 10:14 | Create | Scout Cavalry |
| 10:21 | Build | Farm |
| 10:22 | Build | Farm |
| 10:28 | Build | Farm |
| 10:30 | Build | Farm |
| 10:33 | Build | Farm |
| 10:39 | Build | House |
| 10:44 | Create | Villager (Male) |
| 11:01 | Create | Villager (Male) |
| 11:15 | Build | Farm |
| 11:18 | Build | Farm |
| 11:23 | Build | Farm |
| 11:25 | Create | Scout Cavalry |
| 11:26 | Create | Scout Cavalry |
| 11:28 | Create | Spearman |
| 11:39 | Create | Villager (Male) |
| 11:44 | Build | Farm |
| 11:48 | Build | House |
| 12:10 | Create | Villager (Male) |
| 12:10 | Create | Villager (Male) |
| 12:14 | Build | Farm |
| 12:32 | Create | Scout Cavalry |
| 12:51 | Create | Villager (Male) |
| 12:56 | Build | Blacksmith |
| 13:04 | Build | House |
| 13:09 | Research | Wheelbarrow |
| 13:29 | Create | Villager (Male) |
| 13:38 | Create | Scout Cavalry |
| 13:39 | Create | Scout Cavalry |
| 13:54 | Research | Scale Barding Armor |
| 13:57 | Build | Farm |
| 13:57 | Build | Farm |
| 14:08 | Build | Farm |
| 14:14 | Create | Scout Cavalry |
| 14:29 | Create | Scout Cavalry |
| 14:43 | Create | Villager (Male) |
| 14:47 | Build | Farm |
| 15:03 | Create | Scout Cavalry |
| 15:06 | Create | Villager (Male) |
| 15:18 | Create | Villager (Male) |
| 15:23 | Build | Farm |
| 15:26 | Build | Farm |
| 15:40 | Create | Scout Cavalry |
| 16:01 | Create | Villager (Male) |
| 16:07 | Build | Farm |
| 16:30 | Create | Villager (Male) |
| 16:34 | Build | Farm |
| 16:34 | Build | Farm |
| 16:35 | Build | Farm |
| 17:04 | Create | Villager (Male) |
| 17:08 | Create | Scout Cavalry |
| 17:33 | Create | Villager (Male) |
| 17:37 | Build | Market |
| 17:40 | Build | Palisade Wall |
| 18:07 | Research | Castle Age |
| 18:43 | Build | Stable |
| 18:58 | Build | Palisade Gate |
| 19:00 | Build | House |
| 19:11 | Research | Gold Mining |
| 19:33 | Research | Forging |
| 20:47 | Age | Castle Age |
| 20:51 | Create | Scout Cavalry |
| 20:57 | Research | Light Cavalry (upgrade) |
| 20:57 | Create | Knight |
| 21:00 | Research | Chain Barding Armor |
| 21:06 | Create | Villager (Male) |
| 21:10 | Build | Town Center |
| 21:18 | Create | Villager (Male) |
| 21:35 | Create | Knight |
| 21:35 | Create | Knight |
| 21:41 | Build | Monastery |
| 21:47 | Create | Knight |
| 21:48 | Create | Knight |
| 21:51 | Create | Villager (Male) |
| 21:51 | Create | Villager (Male) |
| 22:07 | Create | Villager (Male) |
| 22:12 | Build | Farm |
| 22:20 | Create | Knight |
| 22:20 | Create | Knight |
| 22:47 | Create | Knight |
| 22:47 | Create | Knight |
| 22:49 | Create | Villager (Male) |
| 23:05 | Create | Villager (Male) |
| 23:05 | Create | Villager (Male) |
| 23:09 | Build | Farm |
| 23:20 | Build | House |
| 23:21 | Build | House |
| 23:21 | Build | House |
| 23:21 | Build | House |
| 23:42 | Create | Knight |
| 23:42 | Create | Knight |
| 23:48 | Create | Villager (Male) |
| 23:55 | Build | House |
| 24:12 | Create | Knight |
| 24:12 | Create | Knight |
| 24:38 | Create | Knight |
| 24:38 | Create | Knight |
| 24:40 | Create | Villager (Male) |
| 24:41 | Create | Villager (Male) |
| 24:42 | Build | Farm |
| 24:42 | Build | Farm |
| 24:50 | Build | Town Center |
| 24:56 | Create | Villager (Male) |
| 24:56 | Create | Villager (Male) |
| 24:57 | Create | Knight |
| 24:57 | Create | Knight |
| 25:07 | Create | Monk |
| 25:14 | Build | House |
| 25:14 | Build | House |
| 25:15 | Build | House |
| 25:15 | Build | House |
| 25:20 | Research | Gold Shaft Mining |
| 25:32 | Create | Villager (Male) |
| 25:33 | Create | Villager (Male) |
| 25:40 | Research | Bow Saw |
| 25:42 | Build | Lumber Camp |
| 25:43 | Create | Villager (Male) |
| 25:44 | Research | Loom |
| 25:52 | Create | Knight |
| 25:52 | Create | Knight |
Build order — OldNiceCake
First 150 of 372 actions detected
| 0:02 | Create | Villager (Male) |
| 0:03 | Create | Villager (Male) |
| 0:03 | Create | Villager (Male) |
| 0:04 | Build | House |
| 0:06 | Build | House |
| 0:18 | Create | Villager (Male) |
| 1:31 | Create | Villager (Male) |
| 1:45 | Build | Lumber Camp |
| 2:08 | Create | Villager (Male) |
| 2:08 | Create | Villager (Male) |
| 2:36 | Create | Villager (Male) |
| 2:37 | Create | Villager (Male) |
| 2:37 | Create | Villager (Male) |
| 3:08 | Build | House |
| 3:23 | Create | Villager (Male) |
| 3:44 | Create | Villager (Male) |
| 4:08 | Build | Mill |
| 4:31 | Create | Villager (Male) |
| 4:32 | Create | Villager (Male) |
| 4:32 | Create | Villager (Male) |
| 5:21 | Create | Villager (Male) |
| 5:33 | Research | Double-Bit Axe |
| 5:40 | Create | Villager (Male) |
| 5:52 | Build | House |
| 6:04 | Create | Villager (Male) |
| 6:17 | Create | Villager (Male) |
| 6:17 | Create | Villager (Male) |
| 6:17 | Create | Villager (Male) |
| 6:22 | Build | Lumber Camp |
| 7:03 | Create | Villager (Male) |
| 7:22 | Create | Villager (Male) |
| 7:40 | Create | Villager (Male) |
| 7:48 | Research | Horse Collar |
| 7:56 | Create | Villager (Male) |
| 8:04 | Build | Farm |
| 8:07 | Create | Villager (Male) |
| 8:13 | Build | Farm |
| 8:16 | Build | Farm |
| 8:26 | Create | Villager (Male) |
| 8:29 | Build | Farm |
| 8:41 | Build | House |
| 9:11 | Build | Mining Camp |
| 9:21 | Research | Feudal Age |
| 10:18 | Build | Barracks |
| 10:19 | Build | House |
| 10:42 | Build | Palisade Wall |
| 10:43 | Build | Palisade Wall |
| 10:54 | Create | Villager (Male) |
| 10:55 | Create | Villager (Male) |
| 11:41 | Age | Feudal Age |
| 11:50 | Build | Stable |
| 12:08 | Build | Blacksmith |
| 12:51 | Research | Castle Age |
| 12:51 | Research | Castle Age |
| 13:03 | Build | Farm |
| 13:08 | Build | Farm |
| 13:09 | Build | Farm |
| 13:14 | Build | Farm |
| 13:41 | Research | Bow Saw |
| 13:55 | Build | Farm |
| 14:16 | Research | Scale Barding Armor |
| 14:57 | Build | Stable |
| 15:17 | Research | Gold Mining |
| 15:18 | Research | Gold Mining |
| 15:31 | Age | Castle Age |
| 15:32 | Create | Knight |
| 15:32 | Create | Knight |
| 15:42 | Create | Villager (Male) |
| 15:42 | Create | Villager (Male) |
| 15:58 | Build | House |
| 16:02 | Create | Knight |
| 16:02 | Create | Knight |
| 16:11 | Build | House |
| 16:35 | Create | Knight |
| 17:17 | Create | Villager (Male) |
| 17:17 | Create | Villager (Male) |
| 17:18 | Create | Knight |
| 17:20 | Create | Knight |
| 17:30 | Create | Villager (Male) |
| 17:34 | Build | Farm |
| 17:35 | Build | Farm |
| 17:37 | Build | Farm |
| 17:39 | Build | Farm |
| 18:09 | Build | Farm |
| 18:11 | Create | Knight |
| 18:13 | Create | Villager (Male) |
| 18:13 | Create | Villager (Male) |
| 18:42 | Build | Palisade Gate |
| 19:03 | Create | Villager (Male) |
| 19:15 | Build | Town Center |
| 19:18 | Create | Villager (Male) |
| 19:20 | Research | Wheelbarrow |
| 19:21 | Research | Loom |
| 19:30 | Research | Husbandry |
| 19:30 | Research | Husbandry |
| 19:34 | Build | House |
| 19:52 | Create | Knight |
| 19:52 | Create | Knight |
| 19:59 | Build | House |
| 20:00 | Build | House |
| 20:23 | Create | Knight |
| 20:24 | Create | Knight |
| 20:29 | Build | Siege Workshop |
| 20:36 | Create | Knight |
| 20:43 | Create | Knight |
| 20:43 | Create | Knight |
| 21:00 | Create | Villager (Male) |
| 21:23 | Create | Knight |
| 21:29 | Create | Villager (Male) |
| 21:40 | Build | Farm |
| 21:43 | Build | Farm |
| 21:44 | Build | Farm |
| 21:47 | Create | Villager (Male) |
| 21:54 | Build | House |
| 22:05 | Create | Knight |
| 22:13 | Create | Mangonel |
| 22:15 | Create | Villager (Male) |
| 22:15 | Create | Villager (Male) |
| 22:24 | Create | Villager (Male) |
| 22:25 | Create | Villager (Male) |
| 22:27 | Build | Farm |
| 22:29 | Build | Farm |
| 22:37 | Create | Knight |
| 23:07 | Build | House |
| 23:35 | Create | Knight |
| 23:35 | Create | Knight |
| 23:42 | Create | Knight |
| 23:42 | Create | Knight |
| 23:58 | Create | Knight |
| 23:58 | Create | Knight |
| 24:01 | Create | Villager (Male) |
| 24:01 | Create | Villager (Male) |
| 24:02 | Build | House |
| 24:09 | Create | Villager (Male) |
| 24:10 | Create | Villager (Male) |
| 24:10 | Create | Villager (Male) |
| 24:11 | Build | Farm |
| 24:13 | Build | Farm |
| 24:43 | Create | Knight |
| 24:44 | Create | Knight |
| 24:46 | Build | House |
| 24:58 | Create | Knight |
| 24:58 | Create | Knight |
| 25:05 | Build | Monastery |
| 25:09 | Create | Knight |
| 25:10 | Create | Knight |
| 25:17 | Build | House |
| 25:21 | Create | Knight |
| 25:23 | Create | Villager (Male) |
| 25:24 | Create | Villager (Male) |
Build order — GRAFOTES
First 150 of 446 actions detected
| 0:02 | Create | Villager (Male) |
| 0:02 | Create | Villager (Male) |
| 0:02 | Create | Villager (Male) |
| 0:03 | Build | House |
| 0:04 | Build | House |
| 0:24 | Create | Villager (Male) |
| 0:24 | Create | Villager (Male) |
| 1:30 | Create | Villager (Male) |
| 2:00 | Build | Lumber Camp |
| 2:04 | Create | Villager (Male) |
| 2:13 | Create | Villager (Male) |
| 2:39 | Create | Villager (Male) |
| 3:01 | Create | Villager (Male) |
| 3:16 | Create | Villager (Male) |
| 3:29 | Build | House |
| 3:30 | Build | House |
| 3:31 | Build | House |
| 3:32 | Build | House |
| 3:40 | Create | Villager (Male) |
| 4:22 | Create | Villager (Male) |
| 4:23 | Create | Villager (Male) |
| 4:24 | Create | Villager (Male) |
| 4:29 | Build | Mill |
| 4:42 | Create | Villager (Male) |
| 5:16 | Create | Villager (Male) |
| 5:16 | Create | Villager (Male) |
| 6:05 | Create | Villager (Male) |
| 6:10 | Build | Farm |
| 6:11 | Build | Farm |
| 6:12 | Build | Farm |
| 6:31 | Build | Farm |
| 6:36 | Create | Villager (Male) |
| 6:36 | Create | Villager (Male) |
| 6:44 | Create | Villager (Male) |
| 6:44 | Create | Villager (Male) |
| 7:03 | Create | Villager (Male) |
| 7:22 | Create | Villager (Male) |
| 9:11 | Research | Feudal Age |
| 9:11 | Create | Villager (Male) |
| 9:12 | Create | Villager (Male) |
| 9:15 | Build | Mining Camp |
| 11:47 | Age | Feudal Age |
| 11:48 | Build | Market |
| 11:49 | Build | Blacksmith |
| 11:53 | Research | Double-Bit Axe |
| 12:08 | Research | Horse Collar |
| 12:35 | Research | Castle Age |
| 12:41 | Build | House |
| 12:46 | Build | House |
| 13:40 | Build | Farm |
| 13:43 | Build | Farm |
| 13:44 | Build | Farm |
| 13:45 | Build | Farm |
| 13:46 | Build | Farm |
| 14:24 | Create | Villager (Male) |
| 15:17 | Age | Castle Age |
| 15:22 | Build | Town Center |
| 15:33 | Build | Town Center |
| 15:36 | Research | Heavy Plow |
| 15:37 | Research | Bow Saw |
| 15:38 | Create | Villager (Male) |
| 16:08 | Create | Villager (Male) |
| 16:13 | Build | Farm |
| 16:13 | Build | Farm |
| 16:14 | Build | Farm |
| 16:14 | Build | Farm |
| 16:14 | Build | Farm |
| 16:15 | Build | Farm |
| 16:15 | Build | Farm |
| 16:15 | Build | Farm |
| 16:15 | Build | Farm |
| 16:16 | Build | Farm |
| 16:28 | Create | Villager (Male) |
| 16:32 | Build | Farm |
| 16:34 | Build | Farm |
| 16:35 | Build | Farm |
| 16:52 | Create | Villager (Male) |
| 16:56 | Build | Farm |
| 16:56 | Build | Farm |
| 16:57 | Build | Farm |
| 17:04 | Create | Villager (Male) |
| 17:35 | Create | Villager (Male) |
| 17:39 | Create | Villager (Male) ×2 |
| 17:46 | Build | Farm |
| 17:49 | Build | Farm |
| 17:56 | Create | Villager (Male) |
| 17:56 | Create | Villager (Male) |
| 18:04 | Research | Loom |
| 18:17 | Build | Town Center |
| 18:26 | Create | Villager (Male) ×3 |
| 18:34 | Create | Villager (Male) |
| 18:39 | Create | Villager (Male) |
| 18:56 | Create | Villager (Male) |
| 19:03 | Create | Villager (Male) |
| 19:14 | Build | Farm |
| 19:14 | Build | Farm |
| 19:14 | Build | Farm |
| 19:15 | Build | Farm |
| 19:15 | Build | Farm |
| 19:15 | Build | Farm |
| 19:15 | Build | Farm |
| 19:15 | Build | Farm |
| 19:41 | Build | Siege Workshop |
| 19:42 | Create | Villager (Male) ×4 |
| 19:54 | Create | Villager (Male) |
| 20:03 | Create | Villager (Male) ×2 |
| 20:27 | Build | Farm |
| 20:27 | Build | Farm |
| 20:27 | Build | Farm |
| 20:32 | Create | Villager (Male) |
| 20:32 | Create | Villager (Male) |
| 20:35 | Build | House |
| 20:36 | Build | House |
| 20:36 | Build | House |
| 20:38 | Create | Mangonel |
| 20:41 | Create | Villager (Male) |
| 20:45 | Build | Farm |
| 20:46 | Build | Farm |
| 20:47 | Build | Farm |
| 20:49 | Create | Villager (Male) |
| 20:49 | Create | Villager (Male) |
| 20:49 | Create | Villager (Male) |
| 20:52 | Build | House |
| 20:52 | Build | House |
| 21:09 | Build | Palisade Wall |
| 21:12 | Create | Villager (Male) |
| 21:13 | Create | Villager (Male) |
| 21:13 | Create | Villager (Male) |
| 21:14 | Create | Villager (Male) |
| 21:32 | Create | Villager (Male) |
| 21:32 | Create | Villager (Male) |
| 21:32 | Create | Villager (Male) |
| 21:39 | Create | Villager (Male) |
| 21:39 | Create | Villager (Male) |
| 21:43 | Build | Palisade Wall |
| 21:51 | Create | Villager (Male) |
| 21:53 | Build | Farm |
| 21:53 | Build | Farm |
| 21:53 | Build | Farm |
| 21:53 | Build | Farm |
| 21:54 | Build | Farm |
| 21:54 | Build | Farm |
| 22:01 | Create | Villager (Male) |
| 22:14 | Create | Villager (Male) ×3 |
| 22:18 | Build | Lumber Camp |
| 22:19 | Create | Villager (Male) |
| 22:25 | Create | Villager (Male) |
| 22:25 | Create | Villager (Male) |
| 22:37 | Create | Villager (Male) |
| 22:40 | Create | Villager (Male) |
Build order — 小妖
First 150 of 383 actions detected
| 0:01 | Create | Villager (Male) ×4 |
| 0:03 | Build | House |
| 0:05 | Build | House |
| 1:32 | Create | Villager (Male) |
| 2:03 | Create | Villager (Male) |
| 2:23 | Build | Lumber Camp |
| 2:33 | Create | Villager (Male) |
| 2:33 | Create | Villager (Male) |
| 2:44 | Create | Villager (Male) |
| 2:52 | Create | Villager (Male) |
| 3:39 | Create | Villager (Male) |
| 3:52 | Build | House |
| 3:58 | Create | Villager (Male) |
| 3:58 | Create | Villager (Male) |
| 4:17 | Build | Mill |
| 4:36 | Create | Villager (Male) |
| 4:58 | Create | Villager (Male) |
| 5:09 | Build | House |
| 5:14 | Create | Villager (Male) |
| 5:35 | Create | Villager (Male) |
| 5:56 | Create | Villager (Male) |
| 6:17 | Create | Villager (Male) |
| 7:13 | Build | Mining Camp |
| 7:23 | Create | Villager (Male) |
| 7:59 | Create | Villager (Male) |
| 8:06 | Build | Mining Camp |
| 8:20 | Research | Feudal Age |
| 10:10 | Build | House |
| 10:35 | Age | Feudal Age |
| 10:37 | Create | Villager (Male) |
| 10:38 | Build | Market |
| 10:41 | Build | Blacksmith |
| 10:45 | Create | Villager (Male) |
| 11:30 | Research | Castle Age |
| 12:25 | Research | Double-Bit Axe |
| 12:43 | Research | Horse Collar |
| 12:48 | Build | Farm |
| 12:49 | Build | Farm |
| 12:52 | Build | Farm |
| 12:54 | Build | Farm |
| 12:56 | Build | Farm |
| 13:16 | Build | Farm |
| 14:10 | Age | Castle Age |
| 14:11 | Create | Villager (Male) |
| 14:11 | Create | Villager (Male) |
| 14:22 | Build | Town Center |
| 14:53 | Create | Villager (Male) |
| 15:15 | Create | Villager (Male) |
| 15:47 | Create | Villager (Male) |
| 15:47 | Create | Villager (Male) |
| 15:49 | Create | Villager (Male) |
| 15:53 | Build | Farm |
| 16:00 | Build | Town Center |
| 16:07 | Create | Villager (Male) |
| 16:14 | Build | Farm |
| 16:35 | Build | Farm |
| 16:37 | Build | Farm |
| 16:39 | Create | Villager (Male) |
| 17:03 | Create | Villager (Male) |
| 17:09 | Create | Villager (Male) |
| 17:10 | Create | Villager (Male) |
| 17:11 | Create | Villager (Male) |
| 17:12 | Build | Farm |
| 17:13 | Build | Farm |
| 17:26 | Create | Villager (Male) |
| 17:26 | Create | Villager (Male) |
| 17:30 | Build | Farm |
| 17:36 | Build | Farm |
| 17:39 | Build | Farm |
| 17:41 | Create | Villager (Male) |
| 17:42 | Create | Villager (Male) |
| 17:59 | Create | Villager (Male) |
| 18:03 | Build | Farm |
| 18:12 | Build | Castle |
| 18:13 | Build | House |
| 18:24 | Create | Villager (Male) |
| 18:27 | Build | Farm |
| 18:38 | Research | Wheelbarrow |
| 18:41 | Create | Villager (Male) |
| 18:42 | Create | Villager (Male) |
| 18:44 | Build | Farm |
| 19:04 | Create | Villager (Male) |
| 19:06 | Build | Farm |
| 19:08 | Build | Farm |
| 19:09 | Build | Farm |
| 19:11 | Create | Villager (Male) |
| 19:12 | Create | Villager (Male) |
| 19:13 | Create | Villager (Male) |
| 19:21 | Build | Castle |
| 19:27 | Create | Villager (Male) |
| 19:36 | Create | Villager (Male) |
| 19:45 | Build | House |
| 19:46 | Build | House |
| 19:53 | Research | Bow Saw |
| 19:56 | Build | Farm |
| 19:58 | Create | Villager (Male) |
| 20:05 | Create | Villager (Male) |
| 20:05 | Create | Villager (Male) |
| 20:27 | Create | Villager (Male) |
| 20:31 | Build | Farm |
| 20:32 | Create | Villager (Male) |
| 20:34 | Create | Villager (Male) |
| 20:35 | Create | Villager (Male) |
| 20:52 | Research | Fletching |
| 20:57 | Create | Villager (Male) |
| 20:58 | Create | Villager (Male) |
| 21:11 | Build | University |
| 21:14 | Create | Mangudai |
| 21:14 | Create | Mangudai |
| 21:17 | Create | Villager (Male) |
| 21:17 | Create | Villager (Male) |
| 21:18 | Create | Villager (Male) |
| 21:25 | Build | Farm |
| 21:36 | Create | Mangudai |
| 21:57 | Build | Town Center |
| 22:08 | Create | Villager (Male) |
| 22:09 | Create | Villager (Male) |
| 22:09 | Create | Villager (Male) |
| 22:09 | Create | Villager (Male) |
| 22:10 | Create | Villager (Male) |
| 22:10 | Create | Villager (Male) |
| 22:13 | Build | Town Center |
| 22:18 | Build | House |
| 22:19 | Build | House |
| 22:20 | Create | Mangudai |
| 22:21 | Create | Mangudai |
| 22:25 | Create | Villager (Male) |
| 22:26 | Create | Villager (Male) |
| 22:26 | Create | Villager (Male) |
| 22:36 | Research | Bodkin Arrow |
| 22:39 | Create | Mangudai |
| 22:48 | Research | Hand Cart |
| 22:56 | Create | Villager (Male) |
| 22:57 | Create | Villager (Male) |
| 23:02 | Create | Mangudai |
| 23:02 | Create | Mangudai |
| 23:06 | Create | Villager (Male) |
| 23:07 | Create | Villager (Male) |
| 23:07 | Create | Villager (Male) |
| 23:18 | Create | Villager (Male) |
| 23:19 | Create | Villager (Male) |
| 23:19 | Create | Villager (Male) |
| 23:22 | Build | Farm |
| 23:31 | Build | Mill |
| 23:33 | Build | Farm |
| 23:34 | Build | Farm |
| 23:37 | Build | Farm |
| 23:38 | Build | Farm |
| 23:39 | Build | Farm |
| 23:44 | Create | Villager (Male) |
Match timeline
| 7:11 | AZT3K_MASIVESOUL · first_building Barracks |
| 7:14 | Drakhaon · first_building Barracks |
| 7:17 | Lethe · first_building Barracks |
| 8:36 | Drakhaon · age_up feudal |
| 8:40 | Drakhaon · first_building Archery Range |
| 8:45 | omnomnomnivore · first_building Barracks |
| 8:51 | omnomnomnivore · age_up feudal |
| 9:23 | Lethe · age_up feudal |
| 9:28 | Lethe · first_building Stable |
| 9:49 | omnomnomnivore · first_building Archery Range |
| 9:56 | AZT3K_MASIVESOUL · age_up feudal |
| 10:02 | AZT3K_MASIVESOUL · first_building Archery Range |
| 10:18 | OldNiceCake · first_building Barracks |
| 10:35 | 小妖 · age_up feudal |
| 10:42 | OldNiceCake · wall_segment Palisade Wall x1 |
| 10:43 | OldNiceCake · wall_segment Palisade Wall x1 |
| 11:26 | santarem · age_up feudal |
| 11:41 | OldNiceCake · age_up feudal |
| 11:47 | GRAFOTES · age_up feudal |
| 11:50 | OldNiceCake · first_building Stable |
| 12:20 | santarem · first_market_buy 100 food |
| 12:22 | santarem · first_market_sell 100 food |
| 14:10 | 小妖 · age_up castle |
| 15:17 | GRAFOTES · age_up castle |
| 15:31 | OldNiceCake · age_up castle |
| 15:49 | santarem · age_up castle |
| 16:04 | santarem · wall_segment Palisade Wall x1 |
| 17:08 | 小妖 · first_market_buy 100 food |
| 17:32 | santarem · first_building Castle |
| 17:40 | Lethe · wall_segment Palisade Wall x1 |
| 18:03 | GRAFOTES · first_market_buy 100 stone |
| 18:12 | 小妖 · first_building Castle |
| 18:19 | Drakhaon · first_market_sell 100 stone |
| 18:20 | Drakhaon · first_market_buy 100 food |
| 19:41 | GRAFOTES · first_building Siege Workshop |
| 20:29 | OldNiceCake · first_building Siege Workshop |
| 20:47 | Lethe · age_up castle |
| 21:03 | Drakhaon · age_up castle |
| 21:09 | GRAFOTES · wall_segment Palisade Wall x1 |
| 21:41 | Lethe · first_building Monastery |
| 21:43 | GRAFOTES · wall_segment Palisade Wall x1 |
| 23:01 | AZT3K_MASIVESOUL · age_up castle |
| 23:24 | santarem · first_building Barracks |
| 23:24 | omnomnomnivore · age_up castle |
| 24:51 | santarem · first_building Stable |
| 25:05 | OldNiceCake · first_building Monastery |
| 25:21 | GRAFOTES · first_building Castle |
| 25:48 | GRAFOTES · first_building Barracks |
| 26:22 | omnomnomnivore · first_building Siege Workshop |
| 26:59 | AZT3K_MASIVESOUL · first_building Siege Workshop |
| 27:03 | GRAFOTES · first_building Stable |
| 27:04 | 小妖 · first_building Barracks |
| 27:08 | omnomnomnivore · first_building Monastery |
| 27:14 | santarem · first_building Siege Workshop |
| 27:53 | omnomnomnivore · first_market_sell 100 food |
| 27:54 | omnomnomnivore · first_market_buy 100 wood |
| 27:59 | 小妖 · first_building Stable |
| 28:20 | AZT3K_MASIVESOUL · first_market_sell 100 wood |
| 28:46 | 小妖 · first_building Archery Range |
| 29:15 | 小妖 · first_market_sell 500 food |
| 29:21 | 小妖 · age_up imperial |
| 29:24 | GRAFOTES · first_market_sell 500 wood |
| 29:25 | Lethe · first_market_buy 100 stone |
| 29:26 | AZT3K_MASIVESOUL · first_building Castle |
| 29:50 | Drakhaon · first_building Siege Workshop |
| 30:20 | GRAFOTES · age_up imperial |
| 31:01 | OldNiceCake · first_market_sell 100 wood |
| 34:36 | Drakhaon · age_up imperial |
| 35:35 | Lethe · age_up imperial |
| 35:51 | Drakhaon · first_building Stable |
| 36:18 | 小妖 · tribute_sent a jugador 1 |
| 36:18 | 小妖 · tribute_sent a jugador 2 |
| 36:18 | 小妖 · tribute_sent a jugador 3 |
| 36:18 | 小妖 · tribute_sent a jugador 4 |
| 36:18 | 小妖 · tribute_sent a jugador 5 |
| 36:18 | 小妖 · tribute_sent a jugador 6 |
| 36:18 | 小妖 · tribute_sent a jugador 7 |
| 36:48 | AZT3K_MASIVESOUL · age_up imperial |
| 37:08 | omnomnomnivore · age_up imperial |
| 37:12 | 小妖 · tribute_sent a jugador 1 |
| 37:12 | 小妖 · tribute_sent a jugador 2 |
| 37:12 | 小妖 · tribute_sent a jugador 3 |
| 37:12 | 小妖 · tribute_sent a jugador 4 |
| 37:12 | 小妖 · tribute_sent a jugador 5 |
| 37:12 | 小妖 · tribute_sent a jugador 6 |
| 37:12 | 小妖 · tribute_sent a jugador 7 |
| 38:28 | Lethe · first_building Castle |
| 38:53 | 小妖 · tribute_sent a jugador 1 |
| 38:53 | 小妖 · tribute_sent a jugador 2 |
| 38:53 | 小妖 · tribute_sent a jugador 3 |
| 38:53 | 小妖 · tribute_sent a jugador 4 |
| 38:53 | 小妖 · tribute_sent a jugador 5 |
| 38:53 | 小妖 · tribute_sent a jugador 6 |
| 38:53 | 小妖 · tribute_sent a jugador 7 |
| 39:07 | OldNiceCake · age_up imperial |
| 39:47 | omnomnomnivore · first_building Castle |
| 41:16 | Drakhaon · resign |
[ AI ANALYSIS · 1 CREDIT ]
What really happened in this match?
Wolo.gg analyzes every decision: build order, eco, micro, common mistakes by bracket. Personalized analysis on WhatsApp or Discord in 30 seconds.
Civ guide
Lithuanians
Perfil
Jugador #11956